[Event "Late-Titled-Tuesday-Blitz-July-09-2024"]
[Site "Chess.com"]
[Date "2024.07.09"]
[Round "11"]
[White "scrambleyourbrain"]
[Black "bob1263"]
[Result "0-1"]
[WhiteElo "2374"]
[BlackElo "2532"]
[TimeControl "180+1"]
[EndTime "15:59:20 PDT"]
[Termination "bob1263 won by resignation"]

1. e4 c5 2. Nf3 e6 3. d4 cxd4 4.
Nxd4 Nf6 5. Nc3 d6 6. g4 Nc6 7. g5 Nd7 8. f4 h6 9. g6 Qh4+ 10. Ke2 Qh5+ 11. Ke1 Qxd1+ 0-1

[Event "Late-Titled-Tuesday-Blitz-July-09-2024"]
[Site "Chess.com"]
[Date "2024.07.09"]
[Round "11"]
[White "Kowarenai"]
[Black "Statham_01"]
[Result "0-1"]
[WhiteElo "2557"]
[BlackElo "2667"]
[TimeControl "180+1"]
[EndTime "16:00:39 PDT"]
[Termination "Statham_01 won by resignation"]

1. b3 e5 2. Bb2 Nc6 3. e3 d5 4. Bb5 Ne7 5. Bxe5 a6 6. Bxc6+ Nxc6 7. Bg3 h5 8. h4 Bd6 9. Bxd6 Qxd6 10. d4 Bg4 11. Nf3 O-O-O 12. c3 Rde8 13. Qe2 f5 14. g3 f4 15. gxf4 Rhf8 16. Nbd2 Rxf4 17. exf4 Rxe2+ 18. Kxe2 Ne7 19. Ke3 Nf5+ 20. Kd3 Qxf4 21. Ne5 Qxf2 22. Raf1 Be2+ 23. Kc2 Ne3+ 0-1

[Event "Late-Titled-Tuesday-Blitz-July-09-2024"]
[Site "Chess.com"]
[Date "2024.07.09"]
[Round "11"]
[White "LUISMIGUELOV"]
[Black "miraitrunks"]
[Result "1-0"]
[WhiteElo "2220"]
[BlackElo "2046"]
[TimeControl "180+1"]
[EndTime "16:01:01 PDT"]
[Termination "LUISMIGUELOV won by resignation"]

1. d4 d5 2. c3 Bf5 3. Qb3 b6 4. Bf4 Nd7 5. e3 e6 6. Bb5 Nf6 7. Nf3 a6 8. Bc6 Ra7 9. Ne5 Bd6 10. Nd2 O-O 11. O-O Nb8 12. c4 Bxe5 13. dxe5 Nxc6 14.
exf6 Na5 15. Qa4 Qxf6 16. cxd5 exd5 17. b4 Nc4 18. Nxc4 dxc4 19. b5 Be4 20. Qxc4 axb5 21. Qxe4 1-0

[Event "Late-Titled-Tuesday-Blitz-July-09-2024"]
[Site "Chess.com"]
[Date "2024.07.09"]
[Round "11"]
[White "Nekoo04"]
[Black "yaguigor"]
[Result "0-1"]
[WhiteElo "2432"]
[BlackElo "2626"]
[TimeControl "180+1"]
[EndTime "16:01:29 PDT"]
[Termination "yaguigor won by resignation"]

1. Nf3 d5 2. e3 Nf6 3. c4 c6 4. Nc3 e6 5. b3 Bd6 6. Bb2 O-O 7. Qc2 e5 8. cxd5 cxd5 9. Nb5 Nc6 10. Nxd6 Qxd6 11.
Bb5 Nb4 12. Qb1 Qc5 13. Be2 Nc2+ 14. Kd1 Nxa1 15. Qxa1 Ne4 16. Ke1 f6 17. d3 Qb4+ 18.
Kf1 Nd2+ 19. Nxd2 Qxd2 20. Bc3 Qc2 21. f3 Bf5 22. e4 Rac8 23. Be1 Be6 24. Kf2 Qc5+ 25.
Kg3 Qe3 26. Qd1 Rc1 0-1

[Event "Late-Titled-Tuesday-Blitz-July-09-2024"]
[Site "Chess.com"]
[Date "2024.07.09"]
[Round "11"]
[White "Indefatigable11"]
[Black "anderson2361"]
[Result "0-1"]
[WhiteElo "2398"]
[BlackElo "2329"]
[TimeControl "180+1"]
[EndTime "16:01:44 PDT"]
[Termination "anderson2361 won by checkmate"]

1. d4 d5 2. c4 e6 3. Nc3 a6 4. cxd5 exd5 5. Nf3 Nf6 6. Bf4 Be7 7. e3 O-O 8. Bd3 Nh5 9. Be5 f6 10. Bg3 Nxg3 11.
hxg3 g6 12. Qc2 Kg7 13. Nh4 f5 14. Nf3 Be6 15. O-O-O Nd7 16. g4 fxg4 17. Nh4 Bxh4 18.
g3 Bg5 19. Rh2 Qf6 20. Rdh1 h5 21. Ne2 c5 22. dxc5 Nxc5 23. Nd4 Rac8 24. Kb1 Nxd3 25.
Qxd3 Bf5 26. Nxf5+ Qxf5 27. Qxf5 Rxf5 28. Rd1 Rcf8 29. Rd2 d4 30. Rxd4 Rxf2 31. Rd7+ Kh6 32. Rxf2 Rxf2 33. Rxb7 h4 34. gxh4 Bxh4 35. a4 g3 36. b4 g2 37. Rc7 g1=Q+ 38. Rc1 Qh2 39. b5 Rb2+ 40. Ka1 Ra2+ 41. Kb1 Qb2# 0-1

[Event "Late-Titled-Tuesday-Blitz-July-09-2024"]
[Site "Chess.com"]
[Date "2024.07.09"]
[Round "11"]
[White "FMalexhdez"]
[Black "marvinguevara"]
[Result "0-1"]
[WhiteElo "2252"]
[BlackElo "2098"]
[TimeControl "180+1"]
[EndTime "16:02:00 PDT"]
[Termination "marvinguevara won by resignation"]

1. e4 c5 2. Nf3 Nc6 3. Bb5 Nd4 4. Nxd4 cxd4 5. O-O e6 6. c3 a6 7. Bd3 Bc5 8. Qg4 Ne7 9. Qxg7 Rg8 10. Qxh7 Qc7 11. b3 b5 12. Ba3 Bb7 13. cxd4 Bxd4 14. Bxe7 Rh8 15. Qxh8+ Bxh8 0-1

[Event "Late-Titled-Tuesday-Blitz-July-09-2024"]
[Site "Chess.com"]
[Date "2024.07.09"]
[Round "11"]
[White "KaydenTroffChess"]
[Black "ValeriyGrinev"]
[Result "1-0"]
[WhiteElo "2876"]
[BlackElo "2705"]
[TimeControl "180+1"]
[EndTime "16:02:08 PDT"]
[Termination "KaydenTroffChess won by resignation"]

1. d4 d5 2. Nf3 Nf6 3. Bf4 e6 4. e3 c5 5. Nc3 Bd6 6. dxc5 Bxc5 7. Nb5 Na6 8. c3 O-O 9. Ne5 Bd7 10. a4 Nb8 11.
Bd3 a6 12. Nd4 Nc6 13. O-O Rc8 14. Qf3 Nxe5 15. Bxe5 Be7 16. Qh3 g6 17. Nf3 Ne4 18. Bxe4 dxe4 19. Qh6 f6 20. Ng5 Rf7 21. Nxf7 Kxf7 22.
Qxh7+ Kf8 23. Qxg6 fxe5 24. f4 exf3 25. Rxf3+ Bf6 26.
Rxf6+ Ke7 27. Rf7+ Kd6 28. Rxd7+ Kxd7 29. Rd1+ 1-0

[Event "Late-Titled-Tuesday-Blitz-July-09-2024"]
[Site "Chess.com"]
[Date "2024.07.09"]
[Round "11"]
[White "BogdanDeac"]
[Black "Jospem"]
[Result "0-1"]
[WhiteElo "2955"]
[BlackElo "3089"]
[TimeControl "180+1"]
[EndTime "16:02:09 PDT"]
[Termination "Jospem won by resignation"]

1. d4 a5 2. e4 a4 3. Nf3 e6 4.
Bd3 d5 5. exd5 exd5 6. O-O Nf6 7. Re1+ Be7 8. c3 O-O 9. Bc2 c5 10. Bxa4 Bg4 11. Be3 Bxf3 12. gxf3 c4 13. Bc2 Ra6 14. Bf4 Bd6 15. Bg3 g6 16. f4 Nh5 17. f5 Qg5 18. Qf3 Rb6 19. b3 Nd7 20. Kh1 Ndf6 21. Rg1 Bxg3 22. hxg3 cxb3 23. axb3 Ng4 24. Kg2 Re8 25. Ra2 Ne3+ 26. Kh2 Qh6 27. fxe3 Nf4+ 0-1

[Event "Late-Titled-Tuesday-Blitz-July-09-2024"]
[Site "Chess.com"]
[Date "2024.07.09"]
[Round "11"]
[White "Mikhail_Golubev"]
[Black "David_George21"]
[Result "1-0"]
[WhiteElo "2639"]
[BlackElo "2488"]
[TimeControl "180+1"]
[EndTime "16:02:23 PDT"]
[Termination "Mikhail_Golubev won by resignation"]

1. e4 c5 2. Nf3 d6 3. d4 cxd4 4. Nxd4 Nf6 5. Nc3 Nc6 6. Bc4 e6 7. Be3 a6 8. Bb3 Be7 9. Qe2 Qc7 10. O-O-O Bd7 11. g4 h6 12. h4 Nxd4 13. Rxd4 e5 14. Rc4 Qa5 15. Rg1 b5 16. g5 hxg5 17. hxg5 bxc4 18. Qxc4 O-O 19. gxf6 Bxf6 20. Nd5 Bd8 21.
Bb6 Qb5 22. Bxd8 Rfxd8 23. Nf6+ 1-0

[Event "Late-Titled-Tuesday-Blitz-July-09-2024"]
[Site "Chess.com"]
[Date "2024.07.09"]
[Round "11"]
[White "UB_TheQueen"]
[Black "KorolDimitriy75"]
[Result "0-1"]
[WhiteElo "2117"]
[BlackElo "2394"]
[TimeControl "180+1"]
[EndTime "16:02:29 PDT"]
[Termination "KorolDimitriy75 won by resignation"]

1. e4 c5 2. Nf3 d6 3. d4 cxd4 4. Nxd4 Nf6 5. Nc3 g6 6. Be3 Bg7 7. Bc4 O-O 8. f3 Nc6 9. Bb3 Bd7 10.
h4 Qa5 11. h5 Nxh5 12. Qd2 Ne5 13. g4 Nf6 14. Bh6 Bxh6 15. Qxh6 Rfc8 16. O-O-O Rxc3 17. bxc3 Qxc3 18. Kb1 Rc8 19. g5 Nh5 20. Rxh5 gxh5 21.
Qxh5 Nc4 22. Bxc4 Rxc4 23. Rd3 Qe1+ 24. Kb2 Qf2 25. g6 hxg6 26. Qd5 Be6 27. Qxb7 Rxd4 28. Qxa7 Rb4+ 29. Kc3 Rc4+ 30. Kb3 Qxa7 31. a4 Qxa4+ 32. Kb2 0-1

[Event "Late-Titled-Tuesday-Blitz-July-09-2024"]
[Site "Chess.com"]
[Date "2024.07.09"]
[Round "11"]
[White "realburq"]
[Black "djano"]
[Result "0-1"]
[WhiteElo "2446"]
[BlackElo "2598"]
[TimeControl "180+1"]
[EndTime "16:02:47 PDT"]
[Termination "djano won by resignation"]

1. e4 c5 2. Nf3 g6 3. c3 d5 4.
exd5 Qxd5 5. d4 Bg7 6. Be3 cxd4 7. Bxd4 Nf6 8. Nbd2 O-O 9. Bc4 Qc6 10. O-O Nbd7 11.
Re1 b5 12. Bb3 Bb7 13. a4 a6 14. Qe2 e6 15. h3 Nc5 16. Bc2 Nxa4 17. Bxf6 Bxf6 18.
Be4 Qc7 19. Bxb7 Qxb7 20. Ne4 Bg7 21. Rad1 Rad8 22. Nd6 Qc7 23. Ne4 Rxd1 24. Rxd1 Rd8 25. Rxd8+ Qxd8 26. b3 Nxc3 27. Nxc3 Bxc3 28. Qe4 Qd5 29.
Qh4 Kg7 30. g4 Qxf3 0-1

[Event "Late-Titled-Tuesday-Blitz-July-09-2024"]
[Site "Chess.com"]
[Date "2024.07.09"]
[Round "11"]
[White "Vladimir_Zakhartsov"]
[Black "champ2005"]
[Result "0-1"]
[WhiteElo "2906"]
[BlackElo "3045"]
[TimeControl "180+1"]
[EndTime "16:02:49 PDT"]
[Termination "champ2005 won by resignation"]

1. e4 c6 2. Nf3 d5 3. Nc3 dxe4 4. Nxe4 Nf6 5. Nxf6+ exf6 6. Bc4 Be7 7. d4 O-O 8. h3 Bd6 9. O-O Nd7 10. Re1 Re8 11.
Rxe8+ Qxe8 12. c3 Nf8 13. Qe2 Be6 14. Bxe6 Nxe6 15. Bd2 Qd7 16. Re1 Rd8 17. g3 Bc7 18. Kg2 b5 19. b3 h6 20. h4 Ba5 21. Qe4 Qd5 22. Qxd5 cxd5 23. b4 Bb6 24. a4 a6 25.
Ra1 h5 26. Ne1 Kh7 27. Nd3 Kg6 28. Nc5 Bxc5 29. bxc5 Kf5 30. axb5 axb5 31. Ra6 Ke4 32. Rb6 Kd3 33. Be1 Ke2 34. Rxb5 Kxe1 35. Rb7 Kd2 36. Rxf7 Kxc3 37. c6 Kxd4 38. f4 Ke4 39. Re7 Kf5 40.
Kf2 Rc8 0-1

[Event "Late-Titled-Tuesday-Blitz-July-09-2024"]
[Site "Chess.com"]
[Date "2024.07.09"]
[Round "11"]
[White "Korchmar_Vasiliy"]
[Black "fugadelafuga"]
[Result "1-0"]
[WhiteElo "2614"]
[BlackElo "2459"]
[TimeControl "180+1"]
[EndTime "16:02:54 PDT"]
[Termination "Korchmar_Vasiliy won by resignation"]

1. d4 Nf6 2. c4 c5 3. d5 b5 4. b3 g6 5. Bb2 Qa5+ 6. Bc3 b4 7. Bb2 Bg7 8. e4 d6 9. f4 O-O 10. Bd3 Nh5 11. Bxg7 Kxg7 12. Qf3 e5 13. fxe5 dxe5 14. Ne2 f5 15. exf5 Bxf5 16. O-O Nd7 17. Nd2 Qb6 18. Qe3 Bxd3 19. Qxd3 Nhf6 20. Ng3 a5 21. Nde4 a4 22. Ng5 Rf7 23. Nxf7 Kxf7 24. Ne4 axb3 25. axb3 Ra3 26. Qh3 Rxa1 27. Rxa1 Kg7 28. Nxf6 Nxf6 29. Qe6 Qxe6 30.
dxe6 Ne4 31. Re1 Nd2 32. Rxe5 Nxb3 33. e7 1-0

[Event "Late-Titled-Tuesday-Blitz-July-09-2024"]
[Site "Chess.com"]
[Date "2024.07.09"]
[Round "11"]
[White "praveenb2002"]
[Black "karinachess1"]
[Result "1-0"]
[WhiteElo "2859"]
[BlackElo "2685"]
[TimeControl "180+1"]
[EndTime "16:02:57 PDT"]
[Termination "praveenb2002 won by resignation"]

1. e4 e5 2. Nf3 Nc6 3. Bc4 Nf6 4. d4 exd4 5. e5 d5 6. Bb5 Ne4 7. Nxd4 Bd7 8. Bxc6 bxc6 9. O-O Bc5 10. f3 Ng5 11. f4 Ne4 12. Be3 O-O 13. Nd2 f6 14. Nxe4 dxe4 15. Qe2 Bg4 16. Qf2 fxe5 17. Nxc6 Bxe3 18. Qxe3 Qd6 19. Nxe5 Bf5 20. Rad1 Qb6 21. Qxb6 axb6 22. a3 Rad8 23. Kf2 Bc8 24. Ke3 Bb7 25. Nd7 Rfe8 26. Rd2 Kf7 27. Rfd1 Ke7 28. Ne5 Rxd2 29. Rxd2 Rd8 30. Rxd8 Kxd8 31. Nf7+ Ke7 32. Ng5 h6 33.
Nxe4 Ke6 34. g4 Kd5 35. Ng3 Bc8 36. Nf5 h5 37. Ne7+ 1-0

[Event "Late-Titled-Tuesday-Blitz-July-09-2024"]
[Site "Chess.com"]
[Date "2024.07.09"]
[Round "11"]
[White "Burgsvik"]
[Black "Nbk90"]
[Result "1-0"]
[WhiteElo "2263"]
[BlackElo "2227"]
[TimeControl "180+1"]
[EndTime "16:03:02 PDT"]
[Termination "Burgsvik won by resignation"]

1. e4 e6 2. d4 d5 3. e5 c5 4. c3 Nc6 5. Nf3 Qb6 6. a3 c4 7. b4 cxb3 8. Bb2 Na5 9. Nbd2 Bd7 10. c4 Ne7 11. Bd3 Rc8 12. c5 Qc7 13. O-O Ba4 14. Qe2 Ng6 15. Bb5+ Bxb5 16. Qxb5+ Nc6 17. Nxb3 Be7 18. a4 O-O 19. a5 a6 20. Qb6 Bd8 21.
Qxc7 Bxc7 22. Bc3 Nf4 23. Rfe1 Rfe8 24. g3 Ng6 25. Re3 f6 26. exf6 gxf6 27. Ne1 e5 28.
Nd3 e4 29. Nb4 f5 30. Nxd5 f4 31. Rxe4 Rxe4 32. Nf6+ Kf7 33. Nxe4 Re8 34. Nbd2 fxg3 35.
hxg3 Rd8 36. Nf3 Re8 37. Nfg5+ Ke7 38. d5 1-0

[Event "Late-Titled-Tuesday-Blitz-July-09-2024"]
[Site "Chess.com"]
[Date "2024.07.09"]
[Round "11"]
[White "ChessicallyInclined"]
[Black "artin10862"]
[Result "0-1"]
[WhiteElo "2729"]
[BlackElo "2927"]
[TimeControl "180+1"]
[EndTime "16:03:12 PDT"]
[Termination "artin10862 won by resignation"]

1. e4 e5 2. Nf3 Nc6 3. Bc4 Bc5 4. O-O Nf6 5. d3 O-O 6. c3 h6 7. a4 a6 8. b4 Ba7 9. Re1 d6 10. h3 Nh5 11. d4 Qf6 12. b5 Ne7 13. Ra2 Nf4 14. Bxf4 Qxf4 15. g3 Qf6 16. Kg2 Ng6 17. Rb2 axb5 18. axb5 Bb6 19. Bd5 h5 20. Rf1 h4 21. Rb4 Ra1 22. Ra4 Rxa4 23. Qxa4 Bxh3+ 24. Kxh3 Qxf3 25. Rg1 Nf4+ 26. Kh2 Qxf2+ 27. Kh1 Qf3+ 28.
Kh2 hxg3+ 29. Rxg3 Qf2+ 0-1

[Event "Late-Titled-Tuesday-Blitz-July-09-2024"]
[Site "Chess.com"]
[Date "2024.07.09"]
[Round "11"]
[White "Meri-Arabidze"]
[Black "ReinisUz"]
[Result "1-0"]
[WhiteElo "2686"]
[BlackElo "2564"]
[TimeControl "180+1"]
[EndTime "16:03:14 PDT"]
[Termination "Meri-Arabidze won by resignation"]

1. d4 d5 2. c4 c6 3. Nf3 Nf6 4. g3 e6 5. Bg2 Be7 6. O-O Nbd7 7. b3 O-O 8. Nc3 b6 9. Qc2 Bb7 10. e4 dxe4 11. Nxe4 c5 12. Nxf6+ Bxf6 13. Ng5 Bxg5 14.
Bxb7 Rb8 15. dxc5 Rxb7 16. c6 Rc7 17. cxd7 Rxd7 18. Bxg5 Qxg5 19. Rfd1 Rfd8 20. Rxd7 Rxd7 21. Rd1 Qd8 22. Rxd7 Qxd7 23. b4 g6 24. h4 e5 25.
c5 Qc6 26. Qc3 e4 27. Qe5 bxc5 28. bxc5 a6 29. h5 gxh5 30. Qxh5 h6 31. Qe5 Kf8 32. Kh2 Qe6 33. Qxe6 fxe6 34. Kh3 Ke7 35. Kh4 Kd7 36. Kh5 Kc6 37. Kxh6 Kxc5 38. g4 Kd5 39. g5 1-0

[Event "Late-Titled-Tuesday-Blitz-July-09-2024"]
[Site "Chess.com"]
[Date "2024.07.09"]
[Round "11"]
[White "CapivaraBondoso"]
[Black "santig8"]
[Result "1-0"]
[WhiteElo "2226"]
[BlackElo "2264"]
[TimeControl "180+1"]
[EndTime "16:03:15 PDT"]
[Termination "CapivaraBondoso won by resignation"]

1. e4 c5 2. Nf3 d6 3. d4 cxd4 4. Nxd4 Nf6 5. Nc3 a6 6. Bg5 Nbd7 7. f4 Qc7 8. Qe2 b5 9. O-O-O Bb7 10. a3 h6 11. Bxf6 Nxf6 12. e5 dxe5 13. fxe5 Nd5 14. Nxd5 Bxd5 15. e6 Bc4 16. Qh5 g6 17. Qg4 Bg7 18.
Bxc4 Qxc4 19. exf7+ Qxf7 20. Ne6 h5 21. Qe4 Qf6 22. Nxg7+ Qxg7 23. Qxa8+ 1-0

[Event "Late-Titled-Tuesday-Blitz-July-09-2024"]
[Site "Chess.com"]
[Date "2024.07.09"]
[Round "11"]
[White "KVAIDAN"]
[Black "malakismayil"]
[Result "0-1"]
[WhiteElo "2381"]
[BlackElo "2537"]
[TimeControl "180+1"]
[EndTime "16:03:18 PDT"]
[Termination "malakismayil won by checkmate"]

1. f4 d5 2. Nf3 c5 3. e3 Nf6 4. b3 e6 5. Bb2 Nc6 6. Bb5 Be7 7. O-O O-O 8. Bxc6 bxc6 9. Ne5 Qc7 10. Rf3 Rd8 11.
Rg3 d4 12. Na3 Ne4 13. Rh3 Nf6 14. Nac4 Ba6 15. Rg3 Bxc4 16. bxc4 Rab8 17. Rb1 Rb7 18. Ng4 Rdb8 19. Qc1 Ne4 20. Rh3 Nxd2 21. Qxd2 Rxb2 22.
Rf1 Rd8 23. Qd3 f5 24. Ne5 Bf6 25. Qa3 Rxc2 26. Qxc5 Bxe5 27. fxe5 d3 28. e4 d2 29.
Qe3 d1=Q 30. Rf3 Qd4 31. exf5 Qxe3+ 32. Rxe3 Rdd2 33. Rg3 Qxe5 34. f6 Qxg3 35. hxg3 Rxg2+ 36. Kh1 Rh2+ 37. Kg1 Rcg2# 0-1

[Event "Late-Titled-Tuesday-Blitz-July-09-2024"]
[Site "Chess.com"]
[Date "2024.07.09"]
[Round "11"]
[White "NovakRatko"]
[Black "Redzishchess"]
[Result "0-1"]
[WhiteElo "2339"]
[BlackElo "2454"]
[TimeControl "180+1"]
[EndTime "16:03:27 PDT"]
[Termination "Redzishchess won by resignation"]

1. d4 Nf6 2. c4 g6 3. Nc3 d5 4. f3 Bg7 5. e4 dxe4 6. fxe4 e5 7. dxe5 Qxd1+ 8. Nxd1 Nxe4 9. Nf3 Nc6 10. Bf4 Bg4 11. Be2 O-O-O 12. h3 Bxf3 13. Bxf3 Nc5 14. Bxc6 Nd3+ 15. Kf1 Nxf4 16. Be4 Bxe5 17. Nc3 f5 18.
Bf3 Bxc3 19. bxc3 Rd2 20. Kg1 Re8 21. Kh2 c6 22. Rhe1 Rxe1 23. Rxe1 Kd7 24. Rd1 Rxd1 25.
Bxd1 Kd6 26. Kg3 Ne6 27. h4 Ke5 28. Be2 Nc5 29. Bf3 Ne4+ 30. Bxe4 Kxe4 0-1

[Event "Late-Titled-Tuesday-Blitz-July-09-2024"]
[Site "Chess.com"]
[Date "2024.07.09"]
[Round "11"]
[White "vi_pranav"]
[Black "HaryKane"]
[Result "1-0"]
[WhiteElo "2970"]
[BlackElo "2620"]
[TimeControl "180+1"]
[EndTime "16:03:33 PDT"]
[Termination "vi_pranav won by resignation"]

1. Nf3 e6 2. g3 f5 3. Bg2 Nf6 4. O-O d5 5. d3 Bd6 6. c4 c6 7. Nc3 e5 8. cxd5 cxd5 9. Bg5 Be6 10.
Qb3 Nbd7 11. e4 fxe4 12. Nxe4 Be7 13. Nxf6+ gxf6 14. Bh6 Nc5 15. Qd1 Qb6 16. d4 Nd7 17. dxe5 fxe5 18. Re1 O-O-O 19. Nxe5 Nxe5 20. Rxe5 Bf6 21. Re3 Bd4 22. Rb3 Bxf2+ 23. Kh1 Qd4 24. Qe2 Kb8 25. Qxe6 Rhe8 26. Qf7 b6 27. Bf4+ Ka8 28. Ra3 b5 29. Rf3 Be1 30. Rf1 Ba5 31. Rad1 Qc5 32.
Rxd5 1-0

[Event "Late-Titled-Tuesday-Blitz-July-09-2024"]
[Site "Chess.com"]
[Date "2024.07.09"]
[Round "11"]
[White "Gzucaritas"]
[Black "simaopdias"]
[Result "0-1"]
[WhiteElo "2060"]
[BlackElo "2186"]
[TimeControl "180+1"]
[EndTime "16:03:36 PDT"]
[Termination "simaopdias won by checkmate"]

1. e4 c5 2. Nf3 g6 3. c3 Bg7 4. d4 cxd4 5. cxd4 d5 6. e5 Nh6 7.
Bd3 O-O 8. O-O Bg4 9. h3 Bxf3 10. Qxf3 Nc6 11. Be3 f6 12. Nc3 e6 13. exf6 Qxf6 14. Qg3 Nf5 15. Bxf5 gxf5 16. Qf4 Nxd4 17. Qxd4 Qxd4 18.
Bxd4 Bxd4 19. Rfe1 Kf7 20. Nb5 Bc5 21. Rac1 Rfc8 22.
a3 a6 23. Nc3 Rc6 24. Re2 Rac8 25. Rce1 Kf6 26. b4 Bd4 27. Nd1 f4 28. Kh1 e5 29.
f3 Rc2 30. Kh2 h5 31. h4 Kf5 32. Kh3 Rxe2 33. Rxe2 Rc1 34. Nf2 Bxf2 35. Rxf2 Rh1# 0-1

[Event "Late-Titled-Tuesday-Blitz-July-09-2024"]
[Site "Chess.com"]
[Date "2024.07.09"]
[Round "11"]
[White "Aygehovit1992"]
[Black "mamey78"]
[Result "1-0"]
[WhiteElo "2808"]
[BlackElo "2636"]
[TimeControl "180+1"]
[EndTime "16:03:37 PDT"]
[Termination "Aygehovit1992 won by resignation"]

1. e4 e5 2. Nf3 Nc6 3. Bb5 a6 4. Ba4 Nf6 5. O-O Be7 6. d3 b5 7.
Bb3 O-O 8. Nc3 Bb7 9. a3 d6 10. Nd5 Nxd5 11. Bxd5 Qd7 12. b4 Rab8 13. c4 Nd8 14.
Bxb7 Rxb7 15. Bd2 f5 16. Rc1 c6 17. Qb3 Kh8 18. cxb5 axb5 19. Rfe1 Ne6 20. exf5 Rxf5 21. d4 Nxd4 22. Nxd4 exd4 23. Qc2 Bh4 24. g3 Bf6 25. Qxf5 1-0

[Event "Late-Titled-Tuesday-Blitz-July-09-2024"]
[Site "Chess.com"]
[Date "2024.07.09"]
[Round "11"]
[White "FuenfgegenWilly"]
[Black "chessuriel"]
[Result "1-0"]
[WhiteElo "2536"]
[BlackElo "2369"]
[TimeControl "180+1"]
[EndTime "16:03:37 PDT"]
[Termination "FuenfgegenWilly won by resignation"]

1. e4 c5 2. Nc3 d6 3. Bb5+ Nc6 4. Bxc6+ bxc6 5. f4 g6 6. Nf3 Bg7 7. d3 Nf6 8. O-O Rb8 9. Qe1 O-O 10. Qh4 c4 11. dxc4 Ba6 12. e5 Nd7 13. Rd1 Bxc4 14.
exd6 Qb6+ 15. Qf2 exd6 16. Rxd6 Qc7 17. Rd1 Nb6 18. Be3 Be6 19. g3 Nc4 20. Bxa7 Rxb2 21. Bd4 Bxd4 22. Nxd4 Bg4 23. Rdb1 Qb7 24. Nb3 Rxb1+ 25.
Rxb1 Qa6 26. a4 Re8 27. Re1 Rd8 28. Ne4 Kg7 29. a5 Qb5 30. Qc5 Qa4 31. Ra1 Rd5 32. Rxa4 1-0

[Event "Late-Titled-Tuesday-Blitz-July-09-2024"]
[Site "Chess.com"]
[Date "2024.07.09"]
[Round "11"]
[White "stregachess"]
[Black "PawnEatingZombie"]
[Result "1-0"]
[WhiteElo "2110"]
[BlackElo "2252"]
[TimeControl "180+1"]
[EndTime "16:03:38 PDT"]
[Termination "stregachess won by resignation"]

1. d4 e6 2. Nf3 c5 3. Bf4 cxd4 4. Bxb8 Rxb8 5. Qxd4 b6 6. Nc3 Nf6 7. e4 Bb7 8. h3 Be7 9. Bd3 O-O 10. Qe3 d6 11.
O-O Rc8 12. Rfe1 a6 13. Qe2 b5 14. e5 dxe5 15. Nxe5 Qc7 16. Ng4 Nxg4 17. Qxg4 f5 18.
Qe2 Rf6 19. Nd1 Bc5 20. c3 Rg6 21. Ne3 Bxe3 22. fxe3 Rxg2+ 23. Qxg2 Bxg2 24. Kxg2 g6 25. Rad1 e5 26. Bc2 e4 27. Rd4 Rd8 28. Red1 Rxd4 29.
Rxd4 Kg7 30. Bb3 h5 31. Be6 h4 32. Rd7+ Qxd7 33. Bxd7 Kf6 34. Bc8 a5 35. Bd7 b4 36.
cxb4 axb4 37. a3 bxa3 38. bxa3 Ke5 39. a4 Kd6 40. Be8 g5 41. Bg6 1-0

[Event "Late-Titled-Tuesday-Blitz-July-09-2024"]
[Site "Chess.com"]
[Date "2024.07.09"]
[Round "11"]
[White "Seppppppy"]
[Black "stollenmonster"]
[Result "0-1"]
[WhiteElo "2330"]
[BlackElo "2833"]
[TimeControl "180+1"]
[EndTime "16:03:46 PDT"]
[Termination "stollenmonster won by checkmate"]

1. e4 c5 2. Nf3 Nf6 3. Nc3 d5 4. exd5 Nxd5 5. Bc4 Nb6 6. Be2 Nc6 7. O-O f6 8. Bb5 e5 9. Re1 Bd7 10. d4 Nxd4 11.
Nxd4 cxd4 12. Qxd4 Bxb5 13. Qxd8+ Rxd8 14. Nxb5 a6 15. Nc3 Bb4 16. a3 Bxc3 17. bxc3 Nc4 18. Rb1 b5 19. a4 Rd5 20. axb5 axb5 21. Be3 Kd7 22. Rb4 Ra8 23. Reb1 Kc6 24. h3 Ra2 25. Rc1 f5 26. g3 h6 27. h4 Rd8 28.
Rcb1 Ra5 29. h5 Rd5 30. Rxc4+ bxc4 31. Rb6+ Kc7 32. Rg6 Ra1+ 33. Kg2 Rd7 34. f4 e4 35. Bd4 Rc1 36. Bxg7 Rxc2+ 37. Kh3 Rdd2 38. Be5+ Kd7 39.
Rg7+ Kc6 40. Rg6+ Kb5 41. g4 Rh2+ 42. Kg3 Rcg2# 0-1

[Event "Late-Titled-Tuesday-Blitz-July-09-2024"]
[Site "Chess.com"]
[Date "2024.07.09"]
[Round "11"]
[White "RantomOpening"]
[Black "Martins-BR"]
[Result "0-1"]
[WhiteElo "2561"]
[BlackElo "2471"]
[TimeControl "180+1"]
[EndTime "16:03:46 PDT"]
[Termination "Martins-BR won by checkmate"]

1. Nc3 d6 2. d4 f5 3. e4 fxe4 4. Nxe4 Nf6 5. Bd3 g6 6. Nxf6+ exf6 7. Nf3 Bg7 8. Be3 O-O 9. h4 f5 10. Qd2 Nc6 11. O-O-O Re8 12. h5 d5 13. hxg6 hxg6 14.
Bh6 Bf6 15. c3 Be6 16. Rh2 Qd7 17. Rdh1 a6 18. Bg5 Bg7 19. Bh6 Bf6 20. Ng5 Na5 21.
Qf4 c5 22. dxc5 d4 23. Nxe6 Rxe6 24. Bg5 Bg7 25. Qh4 Kf7 26. Qh7 Rg8 27. Kc2 Qa4+ 28. Kd2 dxc3+ 29. bxc3 Qxa2+ 30. Kd1 Qb3+ 31. Bc2 Qxc3 32.
Rh3 Qa1+ 33. Kd2 Nc4+ 34. Kd3 Qc3# 0-1

[Event "Late-Titled-Tuesday-Blitz-July-09-2024"]
[Site "Chess.com"]
[Date "2024.07.09"]
[Round "11"]
[White "duone"]
[Black "MaxLeto"]
[Result "0-1"]
[WhiteElo "2330"]
[BlackElo "2476"]
[TimeControl "180+1"]
[EndTime "16:03:57 PDT"]
[Termination "MaxLeto won by checkmate"]

1. Nf3 d5 2. c4 d4 3. e3 c5 4. d3 Nc6 5. exd4 cxd4 6. g3 g6 7. Bg2 Bg7 8. O-O Nf6 9. Nbd2 O-O 10. Re1 Nd7 11. Ng5 h6 12. Nge4 f5 13. Qb3 fxe4 14.
Bxe4 Nc5 15. Qc2 Nxe4 16. Nxe4 Bf5 17. Nc5 e5 18. f4 Qd6 19. Nxb7 Qe7 20. fxe5 Qxb7 21.
Qg2 Bxd3 22. b3 Rad8 23. e6 Rfe8 24. Ba3 Bf5 25. e7 Rd7 26. g4 Bd3 27. Rad1 Ne5 28. Qxb7 Rxb7 29. Kg2 g5 30. Bd6 Bc2 31. Rd2 d3 32.
Bxe5 Rbxe7 33. Bg3 Rxe1 34. Bxe1 Rxe1 35. Kf2 Ra1 36. Ke3 Rxa2 37. c5 Rb2 38. c6 Rxb3 39. c7 Rc3 40. c8=Q+ Rxc8 41. Rxd3 Bxd3 42. h4 Bg6 43. h5 Bf7 44. Ke4 Rc5 45. Ke3 Rc4 46.
Kf3 Rf4+ 47. Kg3 a5 48. Kh3 a4 49. Kg3 a3 50. Kh3 a2 51. Kg3 a1=Q 52. Kh3 Qc3+ 53. Kg2 Rb4 54. Kf1 Rb2 55. Kg1 Qc1# 0-1

[Event "Late-Titled-Tuesday-Blitz-July-09-2024"]
[Site "Chess.com"]
[Date "2024.07.09"]
[Round "11"]
[White "Queensandpawns"]
[Black "Michalczak"]
[Result "1-0"]
[WhiteElo "2357"]
[BlackElo "2488"]
[TimeControl "180+1"]
[EndTime "16:04:00 PDT"]
[Termination "Queensandpawns won by resignation"]

1. e4 c5 2. Nf3 d6 3. c3 Nf6 4. h3 Bd7 5. Bd3 Bc6 6. Qe2 e6 7. O-O Be7 8. Bc2 d5 9. e5 Nfd7 10. d4 cxd4 11. cxd4 a6 12. Nc3 Qb6 13. a3 a5 14. Rb1 a4 15. Be3 O-O 16. Nd2 f5 17. f4 Rc8 18. g4 g6 19. gxf5 exf5 20. Kh2 Nf8 21. Rg1 Kh8 22. Qg2 Qd8 23. Bxf5 Nbd7 24. Bd3 Ra5 25. Rbf1 Qb6 26. Nf3 Ne6 27. f5 gxf5 28.
Bxf5 Ng5 29. Nxg5 1-0